 Dungeon Crawl Stone Soup version 0.25-a0-1133-g93ebf739aa (webtiles) character file.

Game seed: 11259003720182387932, levelgen mode: deterministic

4526 Pretor the Severer (level 10, -4/80 HPs)
             Began as a Hill Orc Fighter on May 21, 2020.
             Was a Priest of Beogh.
             Slain by a titanic slime creature (22 damage)
             ... on level 9 of the Dungeon on May 22, 2020.
             The game lasted 01:06:24 (8532 turns).

Pretor the Severer (Hill Orc Fighter)               Turns: 8532, Time: 01:06:24

Health: -4/80      AC: 16    Str: 29    XL:     10   Next: 39%
Magic:  10/10      EV: 10    Int:  8    God:    Beogh [***...]
Gold:   329        SH: 12    Dex: 14    Spells: 9/9 levels left

rFire    . . .     SeeInvis .   a - +0 war axe
rCold    + . .     Gourm    .   c - +0 kite shield
rNeg     . . .     Faith    .   p - +0 plate armour
rPois    .         Spirit   .   o - +0 helmet
rElec    .         Reflect  .   w - +0 cloak
rCorr    +         Harm     .   A - +1 pair of gloves
MR       .....                  (no boots)
Stlth    ..........             d - amulet of Cukkanec {Acrobat rC+ Str+6 Dex+4}
HPRegen  0.23/turn              x - +4 ring of evasion
MPRegen  0.12/turn              K - ring of resist corrosion

@: no status effects
A: no striking features
a: Smiting, Renounce Religion


You were on level 9 of the Dungeon.
You worshipped Beogh.
Beogh was most pleased with you.
You were hungry.

You visited 2 branches of the dungeon, and saw 10 of its levels.

You collected 329 gold pieces.

Inventory:

Hand Weapons
 a - a +0 war axe (weapon)
 q - a +0 hunting sling
 C - a +2 shortbow of freezing
Missiles
 j - 88 bolts
 k - 187 stones (quivered)
 m - 136 arrows
 B - 42 sling bullets
 G - a throwing net
 H - 7 curare-tipped darts
Armour
 b - a +0 scale mail
 c - a +0 kite shield (worn)
 o - a +0 helmet (worn)
 p - a +0 plate armour (worn)
 w - a +0 cloak (worn)
 A - a +1 pair of gloves (worn)
 D - a +2 pair of gloves
Magical Staves
 I - an uncursed staff of summoning {unknown}
Jewellery
 d - the amulet of Cukkanec (around neck) {Acrobat rC+ Str+6 Dex+4}
   (You found it on level 4 of the Dungeon)

   [amulet of the acrobat]

   It helps you evade while moving and waiting.
   It affects your strength (+6).
   It affects your dexterity (+4).
   It protects you from cold.
 x - a +4 ring of evasion (left hand)
 K - a ring of resist corrosion (right hand)
Wands
 u - a wand of acid (6)
Scrolls
 e - 2 scrolls of noise
 g - 6 scrolls of remove curse
 l - a scroll of teleportation
 n - 2 scrolls of enchant weapon {unknown}
 r - a scroll of magic mapping {unknown}
 t - a scroll of amnesia {unknown}
 v - 2 scrolls of immolation
 y - a scroll of blinking {unknown}
 z - a scroll of random uselessness {unknown}
 F - a scroll of enchant armour {unknown}
Potions
 h - 2 potions of lignification
 i - 4 potions of flight
 E - 2 potions of magic {unknown}
 J - a potion of brilliance {unknown}
Comestibles
 f - 15 rations


   Skills:
 - Level 4.4 Fighting
 * Level 15.9 Axes
 - Level 4.6 Armour
 - Level 0.5 Dodging
 + Level 0.4 Stealth
 + Level 7.6 Shields


You had 9 spell levels left.
You didn't know any spells.
Your spell library was empty.

Dungeon Overview and Level Annotations

Branches:
Dungeon (9/15)             Temple (1/1) D:4
   Lair: D:8-11         Orc: D:9-12

Altars:
Ashenzari
Cheibriados
Dithmenos
Elyvilon
Fedhas
Gozag
Hepliaklqana
Kikubaaqudgha
Makhleb
Nemelex Xobeh
Okawaru
Qazlal
Ru
Sif Muna
Trog
Uskayaw
Vehumet
Wu Jian
Xom
Yredelemnul
Zin
The Shining One

Shops:
D:8 =


Message History

The very large slime creature hits you!!
* * * LOW HITPOINT WARNING * * *
You slash the very large slime creature!
The very large slime creature is severely wounded.
Two slime creatures merge to form a large slime creature.
The very large slime creature hits you.
* * * LOW HITPOINT WARNING * * *
You slash the very large slime creature!
The very large slime creature is severely wounded.
You slash the very large slime creature!
The very large slime creature is severely wounded.
You block the very large slime creature's attack.
You slash the very large slime creature!
The very large slime creature is almost dead.
Two slime creatures merge to form a titanic slime creature.
You completely miss the titanic slime creature.
The titanic slime creature is heavily wounded.
The titanic slime creature closely misses you.
You feel better. The titanic slime creature hits you!!
You die...

#.#'## #.# ###
#....## #.#
.[###.....## #..
#.##.......## ##.
#.#.......o.####..
..........o.+.....
#.#.........####..
#J##......o######.
#@###.........# ##
##o####...####.#
#######oo[# ##.#
#.# #.........#
#.# ###.####
#.#####...# #.#
#....... #.# #####
##.###.#.#### #.#
##...##.#.# #.#
####....†#.#.# #.#
#.o.o...†....#


You could see a titanic slime creature, 2 friendly orc warriors and the friendly
Bogmar the orc warrior.

Vanquished Creatures
  A troll (D:9)
  A hippogriff (D:7)
  A spriggan (D:7)
  5 yaks (D:9)
  3 orc warriors
  2 ice beasts (D:8)
  2 sky beasts (D:5)
  A black bear (D:9)
  An ogre (D:5)
  6 centaurs
  2 big kobolds (D:7)
  2 bullfrogs
  2 wyvern zombies
  A gnoll sergeant (D:8)
  2 scorpions
  3 killer bees (D:9)
  3 howler monkeys
  A bullfrog zombie (D:7)
  A centaur zombie (D:6)
  3 crimson imps
  3 orc priests (D:7)
  A hound (D:8)
  4 orc wizards
  A bullfrog skeleton (D:8)
  3 iguanas
  3 worker ants
  A killer bee zombie (D:5)
  A hound zombie (D:6)
  A hound skeleton (D:8)
  7 adders
  7 gnolls
  3 shadow imps
  4 oozes
  An adder skeleton (D:5)
  An adder zombie (D:6)
  5 worms
  A dart slug (D:4)
  8 leopard geckos
  22 orcs
  3 ball pythons
  6 giant cockroaches
  11 goblins
  4 hobgoblins
  18 jackals
  24 kobolds
  6 quokkas
  11 bats
  4 frilled lizards
  15 rats
222 creatures vanquished.

Vanquished Creatures (collateral kills)
  A troll (D:9)
  A sky beast (D:8)
  Jessica (D:9)
3 creatures vanquished.

Vanquished Creatures (others)
  An orc (D:3)
  A hobgoblin (D:3)
  A kobold (D:3)
3 creatures vanquished.

Grand Total: 228 creatures vanquished

Notes
Turn   | Place    | Note
-------+----------+-------------------------------------------
     0 | D:1      | Pretor the Hill Orc Fighter began the quest for the Orb.
     0 | D:1      | Reached XP level 1. HP: 19/19 MP: 1/1
    82 | D:1      | Reached skill level 3 in Axes
    82 | D:1      | Reached XP level 2. HP: 12/27 MP: 2/2
   449 | D:1      | Reached XP level 3. HP: 32/33 MP: 3/3
  1078 | D:2      | Reached XP level 4. HP: 35/40 MP: 4/4
  1186 | D:2      | Reached skill level 4 in Axes
  1739 | D:2      | Reached XP level 5. HP: 23/47 MP: 5/5
  2459 | D:3      | Found a glowing golden altar of the Shining One.
  2635 | D:3      | Reached skill level 5 in Axes
  2635 | D:3      | Reached XP level 6. HP: 42/53 MP: 6/6
  2770 | D:3      | Became a worshipper of Beogh the Brigand
  2974 | D:3      | Reached skill level 6 in Axes
  3344 | D:4      | Found a staircase to the Ecumenical Temple.
  3376 | Temple   | Entered the Ecumenical Temple
  3645 | D:4      | Reached skill level 7 in Axes
  3804 | D:4      | Reached XP level 7. HP: 31/60 MP: 7/7
  3824 | D:4      | Reached * piety under Beogh
  3876 | D:4      | Found a blossoming altar of Fedhas.
  3893 | D:4      | Reached skill level 8 in Axes
  3991 | D:4      | Found a shadowy altar of Dithmenos.
  4193 | D:4      | Got a bound diamond amulet
  4210 | D:4      | Identified the amulet of Cukkanec {Acrobat rC+ Str+6 Dex+4}
                  | (You found it on level 4 of the Dungeon)
  4277 | D:5      | Entered Level 5 of the Dungeon
  4520 | D:5      | Reached skill level 5 in Shields
  4559 | D:5      | Reached skill level 9 in Axes
  4601 | D:5      | Reached XP level 8. HP: 59/67 MP: 8/8
  5228 | D:6      | Reached skill level 10 in Axes
  5359 | D:6      | Reached ** piety under Beogh
  5521 | D:6      | Reached skill level 11 in Axes
  5921 | D:7      | Noticed a white ugly thing
  6145 | D:7      | Reached skill level 12 in Axes
  6179 | D:7      | Reached XP level 9. HP: 31/72 MP: 9/9
  6663 | D:7      | Reached skill level 13 in Axes
  6950 | D:8      | Reached *** piety under Beogh
  7082 | D:8      | Found a white marble altar of Elyvilon.
  7082 | D:8      | Found a snail-covered altar of Cheibriados.
  7089 | D:8      | Reached skill level 14 in Axes
  7096 | D:8      | Got a shimmering war axe
  7465 | D:8      | Found Mogeoqe's Jewellery Shoppe.
  7741 | D:9      | Noticed a troll
  7750 | D:9      | Killed a troll
  7750 | D:9      | Reached XP level 10. HP: 60/80 MP: 10/10
  7855 | D:9      | Noticed Jessica
  7866 | D:9      | Killed Jessica
  7868 | D:9      | Found a shimmering blue altar of Sif Muna.
  8026 | D:9      | Reached skill level 15 in Axes
  8197 | D:9      | Gained Bogmar as an ally
  8532 | D:9      | Slain by a titanic slime creature

Illustrated notes

Levels and vault maps discovered:
D:1:      lightli_iron_boxes, layout_loops_corners
D:2:      layout_loops_ring, minmay_fountain_box
D:3:      layout_loops_cross, tso_metal_star
D:4:      layout_basic, kennysheep_mini_moat, minmay_temple_entry_junction,
          fedhas_bush_and_centaur_altar
D:5:      layout_basic, first_ration, kennysheep_generic_room_12
D:6:      layout_gridville
D:7:      layout_basic, the_bakery, minmay_misc_feat_iff
D:8:      layout_basic, grunt_temple_overflow_open, serial_shops, shop,
          grunt_ministairs_1
D:9:      layout_loops_corners, tgw_sif
Temple:   dpeg_five_rooms_temple

Skill      XL: |  1  2  3  4  5  6  7  8  9 10 |
---------------+-------------------------------+-----
Axes           | 3 4 5 7 9 12 14 15 | 15.9
Fighting       | 4 |  4.4
Armour         | 4 |  4.6
Shields        | 4 5 6 7 |  7.6
Dodging        | |  0.5
Stealth        | |  0.4

Action                   |  1- 3 |  4- 6 |  7- 9 | 10-12 || total
-------------------------+-------+-------+-------+-------++-------
Melee: War axe           |   134 |   274 |   393 |    71 ||   872
Throw: Stone             |       |     2 |       |     4 ||     6
Invok: Convert to Beogh  |       |     1 |       |       ||     1
  Use: Potion            |       |     1 |       |     1 ||     2
       Scroll            |       |       |    13 |       ||    13
  Eat: Chunk             |     1 |     5 |     6 |     3 ||    15
       Ration            |       |     1 |     2 |       ||     3
Armor: Scale mail        |    59 |   125 |    33 |       ||   217
       Plate armour      |       |       |    93 |    25 ||   118
Dodge: Dodged            |    54 |   110 |   131 |    30 ||   325
Block: Kite shield       |    78 |   166 |   163 |    36 ||   443

Table legend:
 A = Non-vault XP
 B = Vault XP
 C = Vault XP percentage of total XP
 D = Non-vault monster count
 E = Vault monster count
 F = Vault count percentage of total count
                 A         B        C        D         E       F
            +---------+---------+-------+---------+---------+-------
      Total |    6030 |     437 |   6.8 |     220 |       5 |   2.2
            +---------+---------+-------+---------+---------+-------
        D:1 |      61 |       0 |   0.0 |      33 |       0 |   0.0
        D:2 |     159 |       0 |   0.0 |      38 |       0 |   0.0
        D:3 |     256 |       0 |   0.0 |      30 |       0 |   0.0
        D:4 |     243 |     106 |  30.4 |      11 |       1 |   8.3
        D:5 |     458 |      28 |   5.8 |      20 |       1 |   4.8
        D:6 |     754 |       0 |   0.0 |      17 |       0 |   0.0
        D:7 |    1088 |     211 |  16.2 |      37 |       1 |   2.6
        D:8 |    1025 |      70 |   6.4 |      20 |       1 |   4.8
        D:9 |    1986 |      22 |   1.1 |      14 |       1 |   6.7
            +---------+---------+-------+---------+---------+-------
